 Dungeon Crawl Stone Soup version 0.31-a0-23-gcbde74481b (webtiles) character file.

Game seed: 5682675570134597916

13969 pk666 the Thaumaturge (level 11, -25/54 HPs)
             Began as a Deep Elf Hedge Wizard on May 14, 2023.
             Was an Elder of Vehumet.
             Killed from afar by a will-o-the-wisp (36 damage)
             ... with a foxfire
             ... on level 2 of the Lair of Beasts.
             The game lasted 01:09:12 (16309 turns).

pk666 the Thaumaturge (Deep Elf Hedge Wizard)      Turns: 16309, Time: 01:09:13

Health: -25/54     AC:  5    Str:  7    XL:     11   Next: 82%
Magic:  19/29      EV: 15    Int: 27    God:    Vehumet [****..]
Gold:   731        SH:  0    Dex: 14    Spells: 8/34 levels left

rFire   . . .        J - +2 whip (flame)
rCold   . . .        (no shield)
rNeg    + . .        i - +1 robe of Lucidity {rPois rCorr SInv}
rPois   +            c - +0 hat
rElec   .            z - +0 cloak
rCorr   +            (no gloves)
SInv    +            F - +0 pair of boots
Will    ++...        E - amulet of the acrobat
Stlth   +            x - ring of willpower
HPRegen 0.29/turn    B - ring of Grace {rN+ rCorr Int+3 SInv Stlth-}
MPRegen 0.21/turn

%: acrobat
@: no status effects
A: no striking features
a: Renounce Religion


You were on level 2 of the Lair of Beasts.
You worshipped Vehumet.
Vehumet was greatly pleased with you.
You visited 3 branches of the dungeon, and saw 12 of its levels.

You collected 731 gold pieces.

Inventory:

Hand Weapons
 J - a +2 whip of flaming (weapon)
Armour
 c - a +0 hat (worn)
 i - the +1 robe of Lucidity (worn) {rPois rCorr SInv}
   (You found it on level 7 of the Dungeon)

   rPois:     It protects you from poison.
   SInv:      It lets you see invisible.
   rCorr:     It protects you from acid and corrosion.
 z - a +0 cloak (worn)
 F - a +0 pair of boots (worn)
Jewellery
 a - a +6 ring of dexterity
 x - a ring of willpower (left hand)
 B - the ring of Grace (right hand) {rN+ rCorr Int+3 SInv Stlth-}
   (You found it on level 4 of the Dungeon)

   [ring of positive energy]

   Int:       It affects your intelligence (+3).
   rN:        It protects you from negative energy.
   SInv:      It lets you see invisible.
   rCorr:     It protects you from acid and corrosion.
   Stlth:     It makes you less stealthy.
 E - an amulet of the acrobat (around neck)
 M - an amulet of guardian spirit
Wands
 b - a wand of mindburst (10)
 r - a wand of charming (12)
 C - a wand of polymorph (8)
 I - a wand of digging (8)
 L - a wand of light (2)
Scrolls
 e - 2 scrolls of magic mapping {unknown}
 f - 4 scrolls of noise
 h - 2 scrolls of blinking {unknown}
 m - 4 scrolls of acquirement {unknown}
 n - 4 scrolls of enchant armour {unknown}
 p - 2 scrolls of immolation {unknown}
 s - 2 scrolls of vulnerability {unknown}
 t - 4 scrolls of poison {unknown}
 u - a scroll of summoning {unknown}
 w - a scroll of torment {unknown}
 y - 2 scrolls of fear {unknown}
 D - 6 scrolls of teleportation
 H - 2 scrolls of brand weapon {unknown}
 K - 2 scrolls of amnesia {unknown}
Potions
 d - a potion of resistance {unknown}
 g - 4 potions of flight
 j - a potion of ambrosia {unknown}
 k - 2 potions of invisibility
 l - 6 potions of mutation
 o - 2 potions of might
 q - 2 potions of heal wounds
 v - 8 potions of curing
 A - a potion of lignification {unknown}
 G - a potion of haste {unknown}


   Skills:
 - Level 7.7 Dodging
 - Level 2.4 Stealth
 - Level 12.1 Spellcasting
 - Level 10.6 Conjurations
 - Level 1.1 Summonings
 - Level 3.0 Translocations
 + Level 11.4 Fire Magic
 * Level 5.0 Air Magic
 - Level 3.0 Earth Magic
 - Level 4.0 Poison Magic


You had 8 spell levels left.
You knew the following spells:

 Your Spells              Type           Power      Damage    Failure   Level
a - Magic Dart            Conj           100%       1d8       1%          1
b - Blink                 Tloc           64%        N/A       1%          2
c - Mephitic Cloud        Conj/Pois/Air  51%        N/A       1%          3
d - Stone Arrow           Conj/Erth      100%       3d13      1%          3
e - Fireball              Conj/Fire      33%        3d14      1%          5
f - Plasma Beam           Fire/Air       28%        2x1d45    5%          6
g - Starburst             Conj/Fire      33%        6d10      1%          6

Your spell library contained the following spells:

 Spells                   Type           Power      Damage    Failure   Level
 Sticky Flame             Conj/Fire      66%        2d8       1%          4
 Foxfire                  Conj/Fire      100%       2x1d9     1%          1
 Sandblast                Erth           64%        2d14      1%          1
 Cigotuvi's Dreadful Rot  Necr/Pois/Air  64%        N/A       1%          2
 Scorch                   Fire           100%       2d9       1%          2
 Flame Wave               Conj/Fire      66%        2d15      1%          4
 Passwall                 Tmut/Erth      20%        N/A       2%          2
 Slow                     Hex            64%        N/A       3%          1
 Call Imp                 Summ           44%        N/A       3%          2
 Frozen Ramparts          Ice            32%        1d5       3%          3
 Portal Projectile        Hex/Tloc       48%        N/A       5%          3
 Call Canine Familiar     Summ           22%        N/A       7%          3
 Ozocubu's Armour         Ice            16%        N/A       11%         3
 Leda's Liquefaction      Hex/Erth       12%        N/A       19%         4
 Summon Ice Beast         Ice/Summ       19%        N/A       26%         4
 Ice Form                 Ice/Tmut       16%        N/A       34%         4
 Metabolic Englaciation   Hex/Ice        8%         N/A       67%         5
 Summon Cactus Giant      Summ           11%        N/A       98%         6
 Simulacrum               Ice/Necr       8%         N/A       99%         6


Dungeon Overview and Level Annotations

Branches:
Dungeon (9/15)             Temple (1/1) D:5            Lair (2/5) D:8
  Swamp (0/4) Lair:2       Spider (0/4) Lair:2
    Orc: D:9-12

Altars:
Ashenzari
Cheibriados
Dithmenos
Elyvilon
Fedhas
Gozag
Hepliaklqana
Kikubaaqudgha
Makhleb
Nemelex Xobeh
Okawaru
Qazlal
Ru
Sif Muna
Trog
Uskayaw
Vehumet
Wu Jian
Xom
Yredelemnul
Zin
The Shining One

Shops:
D:3 (

Annotations:
D:4 1 runed translucent door, senseless's ghost, amateur TeFi
D:6 1 runed translucent door, Crazy Yiuf
Lair:2 Amaemon


Message History

Moving in this stuff is going to be slow.
A will-o-the-wisp comes into view.
Found a staircase to the Swamp.
The will-o-the-wisp gives a chilling moan.
The will-o-the-wisp gestures.
The will-o-the-wisp conjures some foxfire!
A foxfire comes into view.
Casting: Stone Arrow (safe; 1% risk of failure)
Confirm with . or Enter, or press ? or * to list all spells.
Aiming: Fireball (dangerous; 1% risk of failure)
Press: ? - help, Shift-Dir - straight line, f - will-o-the-wisp
Aim: a will-o-the-wisp (thin mist)
The fireball explodes!
The fireball engulfs the will-o-the-wisp!
The will-o-the-wisp resists.
The will-o-the-wisp is moderately damaged.
The fireball engulfs the foxfire.
The foxfire completely resists.
A foxfire comes into view.
The foxfire hits you!!
Ouch! That really hurt!
The will-o-the-wisp gestures.
The will-o-the-wisp conjures some foxfire! 2 foxfires come into view.
Casting: Fireball (dangerous; 1% risk of failure)
Confirm with . or Enter, or press ? or * to list all spells.
Aiming: Fireball (dangerous; 1% risk of failure)
Press: ? - help, Shift-Dir - straight line, f/p - will-o-the-wisp
Aim: a will-o-the-wisp (thin mist, moderately damaged)
The fireball explodes!
The fireball engulfs the will-o-the-wisp.
The will-o-the-wisp resists.
The will-o-the-wisp is moderately damaged.
The fireball engulfs the foxfire.
The foxfire completely resists.
The fireball engulfs the foxfire.
The foxfire completely resists.
The fireball engulfs the foxfire.
The foxfire completely resists.
The foxfire hits you!
* * * LOW HITPOINT WARNING * * *
The foxfire hits you!!!
Ouch! That really hurt!
You die...

## #### .... # ####...
#.###.#§..# .......§§§#
......~§v§ ### .......v§
###.## ##...v####
##P...## #....@.#.#
#....#.## #........##
##..#....## ### ##
.....P.....###~P.##....#
#..##P##
#...####....#~~~.##.....
........ ...
##.....♣~P##[....
........ ..
##...~~~~###[...
........ . #....P~##
##... ..##### ###.<..#
#... ..## ##...#####..(


You could see a will-o-the-wisp.

Vanquished Creatures
  A boulder beetle (D:9)
  Pikel (D:5)
  A black mamba (Lair:2)
  An elephant (Lair:2)
  An orange demon (Lair:2)
  3 cane toads
  4 komodo dragons
  A troll (D:9)
  A hornet (D:9)
  A polar bear (Lair:2)
  5 blink frogs (Lair:2)
  2 shadows (D:9)
  A wraith (D:9)
  4 basilisks
  16 yaks
  3 steam dragons
  4 vampire mosquitoes
  An acid dragon (D:9)
  5 water moccasins
  Duvessa (D:5)
  3 orc warriors
  A sky beast (D:7)
  3 black bears
  An ice beast (D:7)
  An ogre (D:5)
  A lemure (D:5)
  3 kobold brigands
  Blork the orc (D:6)
  9 bullfrogs
  A gnoll sergeant (D:6)
  2 scorpions
  Dowan (D:5)
  11 killer bees
  5 electric eels
  4 hounds (D:5)
  An orc priest (D:8)
  A gnoll bouda (D:8)
  3 jellies
  2 sleepcaps
  3 iguanas
  11 orc wizards
  Robin (D:3)
  5 adders
  9 gnolls
  2 river rats (D:5)
  A white imp (D:7)
  An ufetubus (D:5)
  4 worms
  15 orcs
  10 ball pythons
  5 endoplasms
  7 giant cockroaches
  15 goblins
  8 hobgoblins
  10 jackals
  3 quokkas
  7 bats
  8 frilled lizards
  16 kobolds
  7 rats
259 creatures vanquished.

Vanquished Creatures (others)
  A vampire mosquito (D:8)
  2 foxfires (Lair:2)
3 creatures vanquished.

Grand Total: 262 creatures vanquished

Notes
Turn   | Place    | Note
-------+----------+-------------------------------------------
     0 | D:1      | pk666 the Deep Elf Hedge Wizard began the quest for the
                  | Orb.
     0 | D:1      | Reached XP level 1. HP: 10/10 MP: 7/7
   369 | D:1      | Reached XP level 2. HP: 15/15 MP: 4/9
   986 | D:1      | Reached XP level 3. HP: 19/19 MP: 6/11
   989 | D:1      | Learned a level 2 spell: Blink
   993 | D:1      | Learned a level 3 spell: Mephitic Cloud
  2363 | D:2      | Reached skill level 5 in Spellcasting
  2363 | D:2      | Reached skill level 1 in Poison Magic
  2769 | D:3      | Reached XP level 4. HP: 24/24 MP: 8/13
  2816 | D:3      | Found Jiecroug's Weapon Boutique.
  2981 | D:3      | Noticed Robin
  3008 | D:3      | Killed Robin
  3258 | D:3      | Found a broken altar of Ashenzari.
  3701 | D:4      | Learned a level 3 spell: Stone Arrow
  3729 | D:4      | Found a runed translucent door.
  3744 | D:4      | Noticed senseless's ghost (amateur TeFi)
  3760 | D:4      | Found a radiant altar of Vehumet.
  3761 | D:4      | Found an iron altar of Okawaru.
  3764 | D:4      | Became a worshipper of Vehumet
  4531 | D:4      | Reached skill level 1 in Air Magic
  4680 | D:4      | Reached XP level 5. HP: 23/28 MP: 5/14
  4869 | D:4      | Identified the ring of Grace {rN+ rCorr Int+3 SInv Stlth-}
  5176 | D:5      | Entered Level 5 of the Dungeon
  5210 | D:5      | Reached skill level 1 in Earth Magic
  5284 | D:5      | Reached XP level 6. HP: 27/32 MP: 10/16
  5430 | D:5      | Found a staircase to the Ecumenical Temple.
  5444 | Temple   | Entered the Ecumenical Temple
  6172 | D:5      | Reached * piety under Vehumet
  6172 | D:5      | Offered knowledge of Foxfire by Vehumet.
  6409 | D:5      | Found a hazy altar of Hepliaklqana.
  6565 | D:5      | Noticed Duvessa
  6566 | D:5      | Noticed Dowan
  6591 | D:5      | Killed Dowan
  6592 | D:5      | Reached skill level 6 in Spellcasting
  6634 | D:5      | Reached XP level 7. HP: 36/36 MP: 8/18
  6756 | D:5      | Killed Duvessa
  6757 | D:5      | Reached skill level 5 in Conjurations
  7582 | D:6      | Noticed Pikel
  7747 | D:5      | Killed Pikel
  7748 | D:5      | Reached skill level 7 in Spellcasting
  7748 | D:5      | Reached XP level 8. HP: 41/41 MP: 13/20
  8194 | D:6      | Noticed Blork the orc
  8197 | D:6      | Killed Blork the orc
  8198 | D:6      | Reached skill level 8 in Spellcasting
  8198 | D:6      | Reached skill level 1 in Fire Magic
  8482 | D:6      | Found a runed translucent door.
  8483 | D:6      | Noticed Crazy Yiuf
  8618 | D:6      | Found an ancient bone altar of Kikubaaqudgha.
  8619 | D:6      | Found a shimmering altar of Xom.
  8940 | D:6      | Reached XP level 9. HP: 45/45 MP: 4/23
  9311 | D:6      | Found a glowing silver altar of Zin.
  9887 | D:6      | Reached skill level 9 in Spellcasting
 10206 | D:7      | Reached skill level 5 in Dodging
 10206 | D:7      | Offered knowledge of Momentum Strike by Vehumet.
 10353 | D:7      | Reached ** piety under Vehumet
 10457 | D:7      | Learned a level 5 spell: Fireball
 10756 | D:7      | Identified the +1 robe of Lucidity {rPois rCorr SInv}
 11003 | D:7      | Found a bloodstained altar of Trog.
 11458 | D:8      | Reached skill level 5 in Fire Magic
 11653 | D:8      | Reached skill level 10 in Spellcasting
 11658 | D:8      | Reached XP level 10. HP: 24/50 MP: 8/26
 11674 | D:8      | Offered knowledge of Inner Flame by Vehumet.
 12211 | D:8      | Found a staircase to the Lair.
 12488 | D:9      | Found a hide-covered altar of Uskayaw.
 12678 | D:9      | Noticed a two-headed ogre
 12779 | D:9      | Reached *** piety under Vehumet
 13079 | D:9      | Found a blossoming altar of Fedhas.
 13082 | D:9      | Noticed a boulder beetle
 13110 | D:9      | Killed a boulder beetle
 13111 | D:9      | Reached skill level 11 in Spellcasting
 13449 | Lair:1   | Entered Level 1 of the Lair of Beasts
 13482 | Lair:1   | Noticed a cane toad
 13486 | Lair:1   | Killed a cane toad
 13487 | Lair:1   | Reached skill level 10 in Conjurations
 13758 | Lair:1   | Offered knowledge of Ignite Poison by Vehumet.
 13828 | Lair:1   | Noticed a cane toad
 13829 | Lair:1   | Killed a cane toad
 13830 | Lair:1   | Reached XP level 11. HP: 54/54 MP: 18/28
 13890 | Lair:1   | You fall into a shaft and drop 1 floor!
 13986 | Lair:2   | Noticed Amaemon
 14098 | Lair:2   | Learned a level 6 spell: Plasma Beam
 14126 | Lair:2   | Found a hole to the Spider Nest.
 14298 | Lair:2   | Reached skill level 12 in Spellcasting
 15213 | Lair:1   | Reached skill level 10 in Fire Magic
 15225 | Lair:1   | Reached skill level 5 in Air Magic
 15606 | Lair:2   | Reached **** piety under Vehumet
 15690 | Lair:2   | Identified the +1 great sword of Wealth {spect, +Blink
                  | rElec Dex-5}
 15800 | Lair:2   | Learned a level 6 spell: Starburst
 16153 | Lair:2   | Offered knowledge of Sticky Flame by Vehumet.
 16307 | Lair:2   | Found a staircase to the Swamp.
 16309 | Lair:2   | Killed from afar by a will-o-the-wisp

Illustrated notes

Levels and vault maps discovered:
D:1:      erik_arrival_triangle_small, layout_basic,
          chequers_serial_rivers_small_b, chequers_jeans,
          amcnicky_mini_pool_small, corexii_leaking_fountain
D:2:      layout_loops_ring
D:3:      layout_loops_cross, ashenzari_conservatory_becter, serial_shops,
          nicolae_shop_waterfront, uniq_robin
D:4:      layout_basic, mainiacjoe_overflow_divided_tiny,
          ebering_ghost_reflecting_pool
D:5:      layout_loops_corners, nicolae_hepliaklqana_hazy_memory,
          minmay_temple_entry_overgrown, gup_sewer_entry_spiral, uniq_duvessa
D:6:      layout_basic, jmf_multi_god_temple, zin_statuary, uniq_pikel,
          uniq_crazy_yiuf_cottage, uniq_blork_the_orc
D:7:      layout_rooms, mainiacjoe_overflow_surrounded_room
D:8:      layout_cave_pools, lair_entry_dummy
D:9:      layout_roguey, nicolae_uskayaw_dance_hall, minmay_ruined_shrine
Temple:   nicolae_temple_figure_eight
Lair:1:   layout_misc_corridors, nicolae_lair_grazing_beasts
          [nicolae_sub_lair_graze_edge, nicolae_sub_lair_graze_edge,
          nicolae_sub_lair_graze_edge, nicolae_sub_lair_graze_edge]
Lair:2:   layout_concentric_octagons, minmay_swamp_entry_wisps,
          spider_nest_entry_rubble, serial_bayou, serial_bayou_lagoon_a,
          serial_bayou_ford_a, serial_bayou_pond_d, serial_bayou_pond_b,
          serial_bayou_lake_a, hangedman_tree_tricks, uniq_amaemon

Skill      XL: |  1  2  3  4  5  6  7  8  9 10 11 |
---------------+----------------------------------+-----
Conjurations   | 2 3 4 6 7 8 10 | 10.6
Spellcasting   | 5 6 7 8 10 11 12 | 12.1
Poison Magic   | 1 2 4 |  4.0
Air Magic      | 1 2 3 5 |  5.0
Earth Magic    | 1 2 3 |  3.0
Translocations | 2 3 |  3.0
Dodging        | 4 6 7 |  7.7
Fire Magic     | 2 5 8 11 | 11.4
Stealth        | |  2.4
Summonings     | |  1.1

Action                     |  1- 3 |  4- 6 |  7- 9 | 10-12 || total
---------------------------+-------+-------+-------+-------++-------
  Melee: Dagger            |     2 |     4 |       |       ||     6
         Whip              |       |       |     3 |     8 ||    11
   Cast: Magic Dart        |   123 |   153 |    84 |    41 ||   401
         Mephitic Cloud    |       |    14 |    31 |    39 ||    84
         Stone Arrow       |       |    13 |   105 |   105 ||   223
         Blink             |       |     2 |     6 |     4 ||    12
         Fireball          |       |       |       |    51 ||    51
    Use: Potion            |       |       |     6 |     3 ||     9
         Scroll            |       |       |     5 |     4 ||     9
   Stab: Confused          |       |     2 |     1 |       ||     3
 Armour: Robe              |     2 |     9 |    14 |    10 ||    35
  Dodge: Dodged            |    16 |    39 |    63 |    40 ||   158

Table legend: (Time is in decaauts)
 A = Elapsed time spent in this place.
 B = Non-inter-level travel time spent in this place.
 C = Inter-level travel time spent in this place.
 D = Time resting spent in this place.
 E = Time spent auto-exploring this place.
 F = Levels seen in this place.
 G = Mean time per level.
                   A        B        C        D        E       F      G
               +--------+--------+--------+--------+--------+-----+--------+
         Total |  16383 |  15239 |   1144 |   5594 |   6704 |  12 | 1365.2 |
       Dungeon |  13281 |  12165 |   1116 |   4020 |   6000 |   9 | 1475.7 |
        Temple |    219 |    208 |     11 |      0 |    207 |   1 |  219.0 |
          Lair |   2881 |   2864 |     17 |   1574 |    497 |   2 | 1440.5 |
               +--------+--------+--------+--------+--------+-----+--------+

Top non-repeatable levels by time:
     D:5: 2823 daAuts
     D:6: 1973 daAuts
     D:1: 1589 daAuts
  Lair:1: 1530 daAuts
     D:7: 1406 daAuts
  Lair:2: 1351 daAuts
     D:2: 1336 daAuts
     D:4: 1312 daAuts
     D:8: 1091 daAuts
     D:3: 1079 daAuts
     D:9: 669 daAuts
  Temple: 219 daAuts
